 Dungeon Crawl Stone Soup version 0.21.1-1-g345015fe64 (webtiles) character file.

700122 KleinerIrrer the Executioner (level 27, -4/213 HPs)
             Began as a Formicid Fighter on Mar 18, 2018.
             Was the Champion of the Shining One.
             Slain by a large abomination (29 damage)
             ... created by a deep elf death mage
             ... on level 4 of the Vaults on Mar 19, 2018.
             The game lasted 06:22:05 (78665 turns).

KleinerIrrer the Executioner (Formicid Fighter)    Turns: 78665, Time: 06:22:05

Health: -4/213     AC: 40    Str: 31    XL:     27
Magic:  17/37      EV: 12    Int: 18    God:    the Shining One [******]
Gold:   357        SH: 36    Dex: 10    Spells: 45/55 levels left

rFire    + + .     SeeInvis +   B - +9 executioner's axe (holy)
rCold    + + +     Gourm    .   w - +0 large shield
rNeg     + + +     Faith    .   X - +7 gold dragon scales
rPois    +         Spirit   .   (helmet unavailable)
rElec    +         Reflect  .   R - +1 cloak {MR+}
rCorr    +         Harm     .   n - +0 pair of gloves of Modesty {rPois rC++ MR- Str+4}
MR       +....                  U - +2 pair of boots {run}
Stlth    ..........             M - amulet "Ushriad" {rElec MR- Regen+ Str+3}
HPRegen  1.25/turn              s - ring of protection from fire
MPRegen  0.25/turn              k - ring "Iguesump" {rCorr Slay+2}

@: divine shield, glowing, quick
A: permanent stasis, dig shafts and tunnels, four strong arms, antennae 3, thin
metallic scales 1, blurry vision 1, low mp 1, mutation resistance 1,
regeneration 1, no potion heal 1
}: 4/15 runes: barnacled, icy, abyssal, gossamer
a: Dig, Shaft Self, Divine Shield, Cleansing Flame, Summon Divine Warrior,
Renounce Religion


You were on level 4 of the Vaults.
You worshipped the Shining One.
The Shining One was exalted by your worship.
You were not hungry.

You visited 12 branches of the dungeon, and saw 56 of its levels.
You visited the Abyss 3 times.
You also visited: Labyrinth and Ice Cave.

You collected 9278 gold pieces.
You spent 8921 gold pieces at shops.

Inventory:

Hand Weapons
 b - the +10 trident of Impermanence {pierce, Str+3 Stlth+}
   (You found it on level 4 of the Dungeon)

   It inflicts extra damage upon your enemies.
   It affects your strength (+3).
   It makes you more stealthy.
 y - a +2 hand crossbow of velocity
 B - a +9 executioner's axe of holy wrath (weapon)
Missiles
 i - 2081 bolts
Armour
 n - the +0 pair of gloves of Modesty (worn) {rPois rC++ MR- Str+4}
   (You bought it in a shop on level 9 of the Dungeon)

   It affects your strength (+4).
   It greatly protects you from cold.
   It protects you from poison.
   It affects your resistance to hostile enchantments.
 w - a +0 large shield (worn)
 R - a +1 cloak of magic resistance (worn)
 U - a +2 pair of boots of running (worn)
 X - +7 gold dragon scales (worn)
Jewellery
 k - the ring "Iguesump" (right hand) {rCorr Slay+2}
   (You acquired it on level 1 of the Lair of Beasts)

   [ring of resist corrosion]

   It affects your accuracy and damage with ranged weapons and melee attacks
   (+2).
 s - a ring of protection from fire (left hand)
 t - the ring of the Bouncing Dances {+Fly MR+ Int-2 SInv}
   (You acquired it on level 1 of the Lair of Beasts)

   [ring of flight]

   It affects your intelligence (-2).
   It affects your resistance to hostile enchantments.
   It lets you see invisible.
   It lets you fly.
 M - the amulet "Ushriad" (around neck) {rElec MR- Regen+ Str+3}
   (You took it off a deep elf sorcerer on level 3 of the Elven Halls)

   [amulet of regeneration]

   It affects your strength (+3).
   It insulates you from electricity.
   It affects your resistance to hostile enchantments.
   It increases your rate of regeneration.
Wands
 a - a wand of digging (79)
 h - a wand of polymorph (54)
 o - a wand of disintegration (31)
 C - a wand of enslavement (82)
 J - a wand of iceblast (57)
 K - a wand of acid (44)
 L - a wand of scattershot (2)
 O - a wand of flame (85)
 S - a wand of paralysis (68)
Scrolls
 e - 15 scrolls of remove curse
 j - 15 scrolls of magic mapping
 m - 7 scrolls of fear
 p - 7 scrolls of fog
 v - 9 scrolls of identify
 A - a scroll of acquirement
 N - 3 scrolls of summoning
Potions
 c - 4 potions of brilliance
 g - 11 potions of curing
 l - 8 potions of agility
 q - 4 potions of flight
 u - 6 potions of cancellation
 F - 4 potions of resistance
 G - a potion of magic
Miscellaneous
 d - a fan of gales (inert)
 r - 3 sacks of spiders
 D - a lightning rod (4/4)
 H - a phial of floods
 I - 4 boxes of beasts
Comestibles
 f - 65 rations


   Skills:
 - Level 16.7 Fighting
 - Level 25.3(26.0) Axes
 - Level 12.2(20.3) Polearms
 - Level 20.0 Armour
 - Level 12.3 Dodging
 - Level 2.0 Stealth
 - Level 22.4 Shields
 * Level 14.6 Spellcasting
 * Level 10.3 Necromancy
 * Level 15.3 Transmutations
 - Level 12.4 Earth Magic
 - Level 12.0 Invocations
 * Level 14.5 Evocations


You had 45 spell levels left.
You knew the following spells:

 Your Spells              Type           Power        Failure   Level  Hunger
a - Beastly Appendage     Tmut           ######       1%          1    None
b - Statue Form           Tmut/Erth      ######...    22%         6    #####..
c - Regeneration          Chrm/Necr      ####......   16%         3    None


Dungeon Overview and Level Annotations

Branches:
Dungeon (15/15)            Temple (1/1) D:7            Lair (6/6) D:9
 Shoals (4/4) Lair:3       Spider (4/4) Lair:2        Slime (0/5) Lair:5
    Orc (2/2) D:9             Elf (3/3) Orc:2        Vaults (5/5) D:14
  Crypt (3/3) Vaults:2       Tomb (0/3) Crypt:3      Depths (5/5) D:15
   Hell (1/1)                 Dis (0/7) Hell            Geh (0/7) Hell
    Coc (7/7) Hell            Tar (0/7) Hell
    Zot: Depths:5

Altars:
Ashenzari
Cheibriados
Dithmenos
Elyvilon
Fedhas
Gozag
Hepliaklqana
Kikubaaqudgha
Makhleb
Nemelex Xobeh
Okawaru
Qazlal
Ru
Sif Muna
Trog
Uskayaw
Vehumet
Wu Jian
Xom
Yredelemnul
Zin
The Shining One
Jiyva
Lugonu

Shops:
D:9 [[([   D:11 !(*[   Orc:2 [[?(   Elf:3 %[   Shoals:2 *   Vaults:2 **([(
Vaults:4 }   Depths:1 *

Portals:
Hell: Depths:1 Depths:2 Depths:3 Depths:4
Abyss: Depths:2 Depths:3 Depths:4 Depths:5
Pandemonium: Depths:2 Depths:3 Depths:5
Ziggurat: Depths:1

Annotations:
D:8 exclusion: statue
Depths:2 exclusion: 2 ice statues


Innate Abilities, Weirdness & Mutations

You cannot be hasted, slowed, berserked, paralysed or teleported.
You can dig through walls and to a lower floor.
Your four strong arms can wield two-handed weapons with a shield.
You have a pair of large antennae on your head. (SInv)
You are partially covered in thin metallic scales. (AC +2)
Scrolls take you a little longer to read.
Your magical capacity is low. (-10% MP)
You are somewhat resistant to further mutation.
Your natural rate of healing is unusually fast.
Potions are less effective at restoring your health.


Message History

You impale the cyan very ugly thing!!
You kill the cyan very ugly thing!
You block the yaktaur captain's attack.
You block the deep elf elementalist's attack.
The titan hits you!!
* * * LOW HITPOINT WARNING * * *
You block the large abomination's attack.
Your system partially rejects the healing.
You feel much better.
You block the deep elf demonologist's attack.
The titan casts a spell.
The titan is healed somewhat.
The deep elf elementalist barely misses you.
You block the yaktaur captain's attack. You block the titan's attack.
Your +9 executioner's axe of holy wrath softly glows with a divine radiance!
B - a +9 executioner's axe of holy wrath (weapon)
You block the deep elf elementalist's attack.
You block the deep elf demonologist's attack.
The titan hits you but does no damage. The large abomination hits you!!
You die...

.#....# #......# #.........#
###'''#####......# #.........# #
#......##......# #.........# #
#......#####+#######.........##
#
#......#....)......#.........#.
#
#......#..)........#.........#.
#......#.....).)...#.........'.
#
#......#.....)C†...'.........#.
#
#......#.[[..C@e3..#.........#.
#
#......+.....Xce...#.........#.
#
#......######+######.........#.
#.(....# #.......##########'#.
#......# #.....∩.##...###...#.
#......# #.......##...#.#...'.
#......# #.......##..'#'#'..##
######'######.......###'#...#'##
.......[....#.......# #.#.⌠.#.#


You could see 2 titans, a yaktaur captain, a deep elf elementalist, a soul
eater, a deep elf demonologist and a large abomination.

Vanquished Creatures
  Antaeus (Coc:7)
  the Serpent of Hell (Coc:7)
  Khufu (Crypt:3)
  4 ancient liches
  12 shard shrikes
  4 caustic shrikes
  Frederick (Crypt:2)
  Geryon (Hell)
  2 golden dragons
  Jory (Vaults:3)
  7 bone dragons
  8 liches
  11 Ice Fiends
  4 tentacled monstrosities
  2 deep elf blademasters (Elf:3)
  2 quicksilver dragons
  A kraken (Abyss:3)
  2 ancient champions (Crypt:1)
  5 sphinxes
  An eldritch tentacle (Coc:7)
  Gastronok (D:7)
  Frances (D:14)
  27 tentacled starspawn
  5 shadow dragons
  Kirke (Shoals:3)
  The ghost of Norrik the Fencer, an adept MiFi of Okawaru (Spider:3)
  Roxanne (D:14)
  3 storm dragons
  A daeva (Abyss:1)
  Ilsuiw (Shoals:4)
  4 fire giants
  4 revenants
  11 frost giants
  A cacodemon (Abyss:1)
  8 vault wardens
  10 deep elf elementalists
  4 emperor scorpions
  3 curse skulls
  A draconian scorcher (Abyss:3)
  8 ghost moths
  A draconian knight (Depths:5)
  A juggernaut zombie (Crypt:1)
  A draconian stormcaller (Abyss:3)
  8 deep elf sorcerers
  A draconian shifter (Abyss:2)
  3 elemental wellsprings
  2 spriggan defenders
  18 reapers
  5 ghouls
  An angel (Abyss:2)
  8 ironheart preservers
  10 entropy weavers
  23 very ugly things
  A juggernaut skeleton (Crypt:2)
  2 war gargoyles (Hell)
  12 stone giants
  9 deep elf demonologists
  A green draconian (Abyss:3)
  2 vampire knights (Crypt:1)
  A red draconian (Depths:5)
  8 deep elf annihilators
  2 purple draconians
  12 deep elf death magi
  2 crystal guardians
  2 quicksilver dragon zombies
  A mummy priest (Crypt:3)
  6 spark wasps
  3 ettins
  13 eidola
  A minotaur (Lab)
  10 merfolk javelineers
  15 blizzard demons
  5 deep elf high priests
  5 merfolk impalers (Shoals:4)
  4 jiangshi
  18 ice dragons
  9 fire dragons
  12 yaktaur captains
  17 ogre magi
  2 quicksilver dragon skeletons
  6 rakshasas
  4 hydras
  6 great orbs of eyes
  2 catoblepae (Depths:1)
  2 naga warriors (Abyss:3)
  An ice dragon (shapeshifter) (Abyss:3)
  2 alligator snapping turtles (Shoals:4)
  21 vault guards (Vaults:5)
  9 centaur warriors
  Harold (Orc:1)
  4 spriggan air magi
  6 merfolk aquamancers
  4 merfolk avatars
  4 satyrs
  5 tengu warriors
  5 death knights
  6 deep troll shamans
  7 death yaks
  66 two-headed ogres
  3 death scarabs (Abyss:3)
  An orc high priest (Elf:2)
  A titan zombie (Coc:4)
  3 vampire magi
  11 hell hogs
  A queen ant (Lair:5)
  7 deep troll earth magi
  27 dancing weapons
  19 thrashing horrors
  3 storm dragon zombies
  3 spriggan berserkers
  14 deep elf knights
  A shadow wraith (Vaults:3)
  5 hell knights
  An iron golem (Hell)
  5 sun demons
  4 titan skeletons
  9 soul eaters
  2 golden dragon zombies
  The ghost of Duralumin the Cleaver, a novice HuBe of Trog (D:5)
  6 sixfirhies
  6 sea snakes
  2 storm dragon skeletons
  3 iron trolls
  31 wretched stars
  10 anaconda zombies
  6 glowing orange brains
  44 skeletal warriors
  3 spatial maelstroms
  24 deep trolls
  10 wizards
  10 unseen horrors
  3 infernal demonspawn
  A death drake (Abyss:3)
  A shadow dragon zombie (Coc:7)
  13 orc knights
  8 flayed ghosts
  8 anaconda skeletons
  13 ironbrand convokers
  2 golden dragon skeletons (Coc:7)
  A lindwurm (Lair:6)
  14 phantasmal warriors
  17 deep elf archers
  9 harpies
  20 necromancers
  A sphinx zombie (Vaults:3)
  A mana viper (Abyss:2)
  38 wolf spiders
  4 iron dragon zombies
  3 stone giant zombies
  16 orb spiders
  A salamander (shapeshifter) (Elf:2)
  3 frost giant zombies
  55 ugly things
  2 shadow dragon skeletons
  5 orc sorcerers
  4 human zombies
  5 iron dragon skeletons
  48 deep elf magi
  6 cyclopes
  7 manticores
  3 frost giant skeletons
  14 worldbinders
  4 fire giant zombies
  A moth of wrath (shapeshifter) (Depths:4)
  14 fauns
  3 moths of wrath
  An eye of devastation (Abyss:3)
  Joseph (D:8)
  4 dire elephant zombies
  2 naga magi (D:15)
  3 elephants (Lair:3)
  6 apocalypse crabs
  2 black mambas (shapeshifter)
  3 stone giant skeletons
  3 guardian serpents (Abyss:3)
  14 vault sentinels
  2 fire giant skeletons
  7 black mambas
  4 water nymphs
  8 ice statues
  3 merfolk sirens
  An elephant (shapeshifter) (Abyss:2)
  4 molten gargoyles
  19 smoke demons
  4 orange demons
  A shock serpent skeleton (Crypt:1)
  6 spiny frogs
  4 gargoyles
  A guardian serpent (shapeshifter) (Depths:1)
  5 rust devils
  3 kobold demonologists
  A spiny frog (shapeshifter) (Vaults:5)
  5 spectral swamp worms (Depths:4)
  2 yaktaur zombies (Hell)
  3 torpor snails
  48 freezing wraiths
  7 komodo dragons
  2 spriggan zombies (Hell)
  3 hellions
  4 efreet
  A centaur skeleton (D:12)
  2 rime drakes
  2 dire elephant skeletons (Crypt:3)
  32 yaktaurs
  7 tormentors
  61 ice devils
  20 hydra zombies
  7 tengu conjurers
  A black draconian skeleton (Crypt:2)
  A guardian mummy (Crypt:3)
  14 demonic crawlers
  A red devil (Hell)
  A yaktaur (shapeshifter) (Abyss:3)
  2 silent spectres
  16 hellwings
  3 anaconda simulacra
  20 ancient zymes
  A jumping spider (shapeshifter) (Vaults:2)
  2 human skeletons
  2 catoblepas skeletons
  2 meliai (shapeshifter)
  3 meliai (D:15)
  A polar bear (shapeshifter) (Vaults:2)
  A queen bee (D:15)
  10 trolls
  16 merfolk
  37 jumping spiders
  A tengu simulacrum (Vaults:3)
  2 polar bears (Depths:2)
  2 wind drakes
  4 wind drakes (shapeshifter)
  16 hornets
  A slime creature (shapeshifter) (Depths:3)
  30 slime creatures
  A wolf spider simulacrum (Coc:7)
  Grinder (D:3)
  A raiju (shapeshifter) (Vaults:3)
  30 raiju
  A bog body (Crypt:1)
  6 ice dragon zombies
  A harpy skeleton (Hell)
  2 stone giant simulacra
  4 dream sheep (Shoals:3)
  24 blink frogs
  8 alligator zombies
  5 hydra skeletons
  2 dream sheep (shapeshifter)
  8 hippogriffs
  A tarantella zombie (Crypt:1)
  6 fire dragon zombies
  5 snapping turtles
  A centaur simulacrum (D:15)
  48 flying skulls
  8 spriggans
  2 ettin zombies
  A shock serpent simulacrum (Abyss:1)
  2 redbacks (shapeshifter) (Depths:2)
  2 alligator skeletons
  6 shadows
  11 air elementals
  2 fire dragon skeletons
  33 water elementals
  25 wraiths
  48 yaks
  A spriggan (shapeshifter) (Vaults:4)
  2 ettin skeletons
  8 wyverns
  61 redbacks
  29 tarantellas
  19 ynoxinuls
  3 black mamba skeletons
  3 dire elephant simulacra (IceCv)
  A hog (shapeshifter) (Abyss:3)
  Grum (D:8)
  A fire bat (shapeshifter) (Abyss:3)
  6 golden eyes (Abyss:3)
  12 basilisks
  A wyvern (shapeshifter) (Abyss:3)
  5 hungry ghosts
  A tarantella (shapeshifter) (Vaults:3)
  2 fire bats
  2 hogs (Shoals:3)
  8 fire elementals
  The ghost of Paulina the Sneak, an amateur FoEn (D:3)
  A basilisk (shapeshifter) (Elf:3)
  25 neqoxecs
  4 steam dragons
  3 spatial vortices
  20 chaos spawn
  An emperor scorpion simulacrum (Coc:5)
  72 large abominations
  2 harpy simulacra (IceCv)
  5 soldier ants (Lair:5)
  A warg (Vaults:2)
  An acid dragon (shapeshifter) (Elf:3)
  13 vampire mosquitoes
  2 iron troll simulacra (IceCv)
  5 insubstantial wisps (Abyss:1)
  8 water moccasins
  3 acid dragons (D:15)
  2 soldier ants (shapeshifter)
  A floating eye (shapeshifter) (Vaults:5)
  3 hydra simulacra
  19 porcupines
  2 water nymph skeletons
  18 hell hounds
  10 spiny frog zombies
  A swamp drake (shapeshifter) (Abyss:3)
  17 ice beasts
  40 orc warriors
  3 sky beasts
  5 eyes of draining
  4 necrophages
  An ice beast (shapeshifter) (Abyss:3)
  3 black bears
  3 ice dragon simulacra (Hell)
  An eye of draining (shapeshifter) (Vaults:2)
  3 snapping turtle zombies
  4 spiny frog skeletons
  A swamp dragon zombie (Coc:7)
  35 ogres
  5 phantoms
  A boggart (shapeshifter) (Abyss:3)
  13 boggarts
  2 snapping turtle skeletons
  A crocodile (shapeshifter) (Abyss:3)
  6 wolves
  A swamp dragon skeleton (Coc:5)
  25 centaurs
  7 crocodiles
  3 big kobolds
  Blork the orc (D:5)
  A big kobold (shapeshifter) (Abyss:1)
  A salamander zombie (Crypt:2)
  An octopode zombie (Crypt:2)
  16 bullfrogs
  6 earth elementals
  A komodo dragon skeleton (Crypt:2)
  A glowing shapeshifter simulacrum (Vaults:1)
  A spiny frog simulacrum (Coc:2)
  A water moccasin zombie (Crypt:1)
  6 scorpions
  7 wyvern skeletons
  A human simulacrum (Vaults:1)
  A yak skeleton (Crypt:2)
  15 killer bees
  A killer bee (shapeshifter) (Abyss:3)
  29 wights
  8 electric eels
  2 howler monkeys (D:11)
  4 bullfrog zombies
  7 crimson imps
  86 starcursed masses
  4 centaur zombies
  5 hounds
  5 lava snakes (Lair:6)
  7 quasits
  8 iron imps
  4 jellies
  16 orc priests
  2 bullfrog skeletons (D:11)
  20 orc wizards
  A demonspawn skeleton (Crypt:2)
  5 iguanas
  A porcupine zombie (Crypt:2)
  71 small abominations
  27 worker ants
  A deep dwarf zombie (Crypt:1)
  4 mummies
  A naga skeleton (Crypt:3)
  3 hound zombies
  A howler monkey skeleton (Crypt:1)
  13 adders
  4 shadow imps
  43 white imps
  6 ufetubi
  An adder skeleton (D:9)
  A worm (D:5)
  7 dart slugs
  4 leopard geckos
  81 orcs
  11 bats
  7 giant cockroaches
  7 goblins
  16 hobgoblins
  9 jackals
  29 kobolds
  5 quokkas
  2 ball pythons
  4 frilled lizards
  A giant cockroach zombie (D:5)
  A jackal skeleton (Crypt:1)
  A jackal zombie (D:8)
  An orc zombie (Coc:3)
  6 rats
  A river rat skeleton (Crypt:1)
  3 crawling corpses (Vaults:5)
  A fire vortex (Depths:1)
  A lurking horror (Abyss:3)
  7 plants
  34 starspawn tentacles
  4 tentacles (Abyss:3)
  3 withered plants (Crypt:3)
3282 creatures vanquished.

Vanquished Creatures (collateral kills)
  An ancient lich (Crypt:3)
  Mennas (Vaults:4)
  Saint Roka (Crypt:2)
  Asterion (Elf:3)
  A deep elf annihilator (Vaults:5)
  A jiangshi (Crypt:2)
  A vault guard (Vaults:5)
  An ice statue (Coc:7)
  A demonic crawler (Spider:4)
9 creatures vanquished.

Vanquished Creatures (others)
  An eldritch tentacle (Coc:7)
  A tengu reaver (Depths:5)
  A vault warden (Vaults:1)
  An ironheart preserver (Vaults:5)
  2 stone giants
  2 merfolk javelineers
  A fire dragon (Depths:2)
  2 yaktaur captains
  An ogre mage (Depths:2)
  A satyr (Shoals:2)
  2 centaur warriors
  A tengu warrior (Depths:2)
  A deep elf archer (Elf:3)
  A wolf spider (Spider:4)
  A cyclops (Shoals:3)
  3 fauns
  An ugly thing (Vaults:3)
  21 yaktaurs
  A jumping spider (Spider:1)
  A tarantella (Spider:4)
  A water elemental (Elf:2)
  A human (Shoals:3)
  6 orc warriors (Orc:2)
  8 centaurs
  2 small abominations
  2 ufetubi
  7 orcs (Orc:2)
  3 kobolds
  20 fungi
  2 lurking horrors (Abyss:3)
  65 plants
  46 starspawn tentacles
  3 tentacles (Abyss:3)
  15 withered plants (Crypt:3)
227 creatures vanquished.

Grand Total: 3518 creatures vanquished

Notes
Turn   | Place    | Note
-------+----------+-------------------------------------------
     0 | D:1      | KleinerIrrer the Formicid Fighter began the quest for the Orb.
     0 | D:1      | Reached XP level 1. HP: 18/18 MP: 1/1
    57 | D:1      | Reached XP level 2. HP: 23/24 MP: 2/2
   284 | D:1      | Reached XP level 3. HP: 26/29 MP: 3/3
   858 | D:2      | Reached skill level 3 in Axes
   858 | D:2      | Reached XP level 4. HP: 22/35 MP: 4/4
   980 | D:2      | Found a shattered altar of Ashenzari.
  1279 | D:2      | Found a shimmering altar of Xom.
  1303 | D:2      | Found a sparkling altar of Nemelex Xobeh.
  1311 | D:2      | Reached XP level 5. HP: 41/42 MP: 5/5
  1526 | D:2      | Found an opulent altar of Gozag.
  1859 | D:3      | Reached skill level 1 in Dodging
  2012 | D:3      | Noticed Grinder
  2032 | D:3      | Killed Grinder
  2032 | D:3      | Reached skill level 4 in Axes
  2032 | D:3      | Reached XP level 6. HP: 24/48 MP: 6/6
  2370 | D:3      | Noticed Paulina's ghost (amateur FoEn)
  2403 | D:3      | Killed Paulina's ghost
  2403 | D:3      | Reached skill level 5 in Axes
  2403 | D:3      | Reached XP level 7. HP: 29/54 MP: 7/7
  2777 | D:3      | Found a faded altar of an unknown god.
  2959 | D:3      | Reached skill level 6 in Axes
  3463 | D:4      | Reached skill level 5 in Shields
  3489 | D:4      | Got a brightly glowing trident
  3490 | D:4      | Identified the +10 trident of Impermanence {pierce, Str+3 Stlth+} (You found it on level 4 of the Dungeon)
  3640 | D:4      | Reached XP level 8. HP: 54/60 MP: 8/8
  4167 | D:5      | Entered Level 5 of the Dungeon
  4224 | D:5      | Noticed Duralumin's ghost (novice HuBe)
  4238 | D:5      | Killed Duralumin's ghost
  4238 | D:5      | Reached skill level 8 in Axes
  4238 | D:5      | Reached skill level 5 in Armour
  4389 | D:5      | Reached skill level 5 in Fighting
  4389 | D:5      | Reached XP level 9. HP: 65/68 MP: 9/9
  4428 | D:5      | Noticed Blork the orc
  4438 | D:5      | Killed Blork the orc
  5467 | D:6      | Found a stormy altar of Qazlal.
  6562 | D:7      | Found a staircase to the Ecumenical Temple.
  6659 | Temple   | Entered the Ecumenical Temple
  7198 | D:8      | Noticed Gastronok
  7218 | D:7      | Killed Gastronok
  7218 | D:7      | Reached skill level 9 in Axes
  7218 | D:7      | Reached XP level 10. HP: 36/79 MP: 10/10
  7540 | D:8      | Found a shadowy altar of Dithmenos.
  7643 | D:8      | Noticed a two-headed ogre
  7649 | D:8      | Killed a two-headed ogre
  7649 | D:8      | Reached skill level 10 in Armour
  7829 | D:8      | Noticed Joseph
  7840 | D:8      | Killed Joseph
  7840 | D:8      | Reached XP level 11. HP: 70/84 MP: 11/11
  7899 | D:8      | Found a glowing golden altar of the Shining One.
  7902 | D:8      | Became a worshipper of the Shining One
  8091 | D:8      | Found a bloodstained altar of Trog.
  8093 | D:8      | Found a basalt altar of Yredelemnul.
  8094 | D:8      | Found a deep blue altar of Sif Muna.
  8106 | D:8      | Found a bloodstained altar of Trog.
  8211 | D:8      | Found a radiant altar of Vehumet.
  8270 | D:8      | Noticed Grum
  8279 | D:8      | Killed Grum
  8424 | D:8      | Found an ornate altar of the Wu Jian Council.
  8610 | D:9      | Got a sapphire hand axe
  8624 | D:8      | Identified the +2 hand axe of Instinct {venom, Int+3} (You found it on level 9 of the Dungeon)
  8645 | D:9      | Found a staircase to the Lair.
  8704 | D:9      | Found Vaoritti's Armour Emporium.
  8712 | D:9      | Bought a +0 pair of boots for 67 gold pieces
  8712 | D:9      | Bought a +0 pair of gloves for 67 gold pieces
  8765 | D:9      | Found Deyniamm's Antique Weapon Shop.
  8771 | D:9      | Found Tepuoh's Antique Armour Boutique.
  8847 | D:9      | Found an iron altar of Okawaru.
  8848 | D:9      | Found a sacrificial altar of Ru.
  8886 | D:9      | Found a staircase to the Orcish Mines.
  9062 | D:9      | Found Haneskon's Armour Shop.
  9120 | Orc:1    | Entered Level 1 of the Orcish Mines
  9137 | Orc:1    | Noticed an orc sorcerer
  9147 | Orc:1    | Killed an orc sorcerer
  9190 | Orc:1    | Noticed a two-headed ogre
  9190 | Orc:1    | Noticed a two-headed ogre
  9191 | Orc:1    | Noticed an ogre mage
  9191 | Orc:1    | Reached * piety under the Shining One
  9212 | D:9      | Killed a two-headed ogre
  9412 | D:10     | Entered Level 10 of the Dungeon
  9552 | D:10     | Reached skill level 10 in Axes
 10187 | D:10     | Reached skill level 1 in Invocations
 10187 | D:10     | Reached skill level 1 in Evocations
 10187 | D:10     | Reached XP level 12. HP: 94/94 MP: 12/12
 10418 | D:11     | Got a twisted chain mail
 10630 | D:11     | Found Buqar's General Store.
 10642 | D:11     | Bought a +3 amulet of reflection for 266 gold pieces
 10648 | D:11     | Reached ** piety under the Shining One
 10682 | D:11     | Found Wedysei's Antique Armour Boutique.
 10689 | D:11     | Noticed a two-headed ogre
 10696 | D:11     | Killed a two-headed ogre
 10924 | D:11     | Found Ocow's Weapon Shoppe.
 10980 | D:11     | Found Fodo's Distillery.
 10993 | D:11     | Bought a potion of might for 56 gold pieces
 10993 | D:11     | Bought a potion of heal wounds for 70 gold pieces
 10993 | D:11     | Bought a potion of heal wounds for 70 gold pieces
 11425 | D:12     | Identified the +3 chain mail of Fusoc {+Blink rC- Dex+3} (You found it on level 11 of the Dungeon)
 11471 | D:12     | Noticed an unseen horror
 11473 | D:12     | Killed an unseen horror
 11473 | D:12     | Reached skill level 10 in Shields
 11618 | D:12     | Reached *** piety under the Shining One
 11684 | D:12     | Noticed a death knight
 11684 | D:12     | Noticed a five-headed hydra
 11696 | D:12     | Killed a five-headed hydra
 11700 | D:12     | Killed a death knight
 11788 | D:12     | Noticed an eight-headed hydra
 11796 | D:12     | Killed an eight-headed hydra
 11796 | D:12     | Reached XP level 13. HP: 82/102 MP: 16/16
 12090 | Lair:1   | Entered Level 1 of the Lair of Beasts
 12138 | Lair:1   | Found a white marble altar of Elyvilon.
 12477 | Lair:1   | Reached skill level 10 in Fighting
 12538 | Lair:1   | Reached skill level 5 in Invocations
 12893 | Lair:1   | Reached skill level 1 in Polearms
 12978 | Lair:2   | Found a labyrinth entrance.
 12987 | Lab      | Entered a labyrinth
 13376 | Lab      | Noticed a minotaur
 13387 | Lab      | Killed a minotaur
 13761 | Lair:2   | You fall through a shaft for 2 floors!
 13922 | Lair:2   | Got a crude hunting sling
 14154 | Lair:2   | Found a hole to the Spider Nest.
 14767 | Lair:3   | Reached **** piety under the Shining One
 14940 | Lair:3   | Reached skill level 5 in Polearms
 15106 | Lair:3   | Found a staircase to the Shoals.
 15550 | Lair:4   | Reached skill level 5 in Evocations
 15752 | Lair:4   | Identified the +7 hunting sling "Matuhib" {venom, rPois} (You found it on level 2 of the Lair of Beasts)
 15888 | Lair:3   | Reached XP level 14. HP: 69/111 MP: 18/18
 17332 | Lair:5   | Found a viscous altar of Jiyva.
 17332 | Lair:5   | Found a staircase to the Slime Pits.
 17359 | Lair:5   | Noticed an entropy weaver
 17372 | Lair:5   | Killed an entropy weaver
 17582 | Lair:5   | Noticed an entropy weaver
 17598 | Lair:5   | Killed an entropy weaver
 17856 | Lair:6   | Entered Level 6 of the Lair of Beasts
 18716 | Lair:6   | Reached ***** piety under the Shining One
 18745 | Lair:6   | Found a large runed door.
 19084 | Lair:6   | Found a large runed door.
 19094 | Lair:6   | Reached XP level 15. HP: 114/117 MP: 20/20
 19124 | Lair:6   | Reached skill level 5 in Dodging
 20534 | Orc:2    | Entered Level 2 of the Orcish Mines
 20851 | Orc:2    | Found a staircase to the Elven Halls.
 20978 | Orc:2    | Found a burning altar of Makhleb.
 21422 | Orc:2    | Found Peceyrch's Armour Shop.
 21422 | Orc:2    | Found Laawy's Magic Scroll Shoppe.
 21424 | Orc:2    | Found Dyopamimuo's Weapon Emporium.
 21426 | Orc:2    | Found Yphehori's Antique Armour Boutique.
 21905 | Orc:1    | Noticed Harold
 21910 | Orc:1    | Killed Harold
 22199 | D:9      | Bought the +0 pair of gloves of Modesty {rPois rC++ MR- Str+4} for 598 gold pieces
 22293 | Elf:1    | Entered Level 1 of the Elven Halls
 22783 | Elf:1    | Reached skill level 15 in Armour
 22867 | Elf:1    | Identified a scroll of acquirement
 23757 | Elf:1    | Got a fine ring mail
 24222 | Elf:1    | Noticed a deep elf sorcerer
 24241 | Elf:1    | Cast into level 2 of the Abyss (a deep elf sorcerer)
 24241 | Abyss:2  | Found a corrupted altar of Lugonu.
 24332 | Abyss:2  | Reached XP level 16. HP: 124/126 MP: 22/22
 24386 | Abyss:2  | Gained mutation: Your magical capacity is low. (-10% MP) [a neqoxec]
 24388 | Abyss:2  | Gained mutation: Armour fits poorly on your strangely shaped body. [a neqoxec]
 24392 | Abyss:2  | Gained mutation: Your natural rate of healing is unusually fast. [a neqoxec]
 24497 | Abyss:2  | Noticed a tentacled starspawn
 24504 | Abyss:2  | Killed a tentacled starspawn
 24515 | Abyss:2  | Noticed a tentacled starspawn
 24519 | Abyss:2  | Noticed a tentacled monstrosity
 24530 | Abyss:2  | Killed a tentacled monstrosity
 24533 | Abyss:2  | Killed a tentacled starspawn
 24660 | Abyss:2  | Noticed a revenant
 24723 | Abyss:2  | Reached ****** piety under the Shining One
 24743 | Abyss:2  | Noticed a tentacled starspawn
 24754 | Abyss:2  | Killed a tentacled starspawn
 24884 | Abyss:2  | Reached skill level 10 in Polearms
 24896 | Elf:1    | Escaped the Abyss
 24911 | Elf:1    | Killed a deep elf sorcerer
 26022 | Lair:2   | Identified the +2 ring mail of Misanthropy {+Blink rF+ Int-4} (You found it on level 1 of the Elven Halls)
 26046 | Spider:1 | Entered Level 1 of the Spider Nest
 26235 | Spider:1 | Reached skill level 10 in Invocations
 27290 | Spider:1 | Reached XP level 17. HP: 98/134 MP: 1/22
 27616 | Spider:2 | Got a faintly humming chain mail
 28845 | Spider:3 | Noticed Norrik's ghost (adept MiFi)
 28882 | Spider:3 | Killed Norrik's ghost
 29717 | Spider:4 | Entered Level 4 of the Spider Nest
 29757 | Spider:4 | Found a frozen archway.
 29823 | IceCv    | Entered an ice cave
 30532 | IceCv    | Identified the +6 chain mail of Ohoyjusm {Regen+ Int+6} (You found it on level 2 of the Spider Nest)
 31445 | Spider:4 | Reached XP level 18. HP: 142/142 MP: 13/23
 31978 | Spider:4 | Got a gossamer rune of Zot
 32054 | Spider:4 | Reached skill level 15 in Shields
 33120 | D:13     | Got an ichor-stained rapier
 33162 | D:13     | Identified the +10 rapier "Banisher" {flame, rC+ MR+} (You found it on level 13 of the Dungeon)
 33738 | D:14     | Noticed Roxanne
 33783 | D:14     | Noticed Frances
 33910 | D:14     | Killed Frances
 34137 | D:14     | Found a gate to the Vaults.
 34149 | D:14     | Found an opulent altar of Gozag.
 34637 | D:15     | Entered Level 15 of the Dungeon
 35022 | D:15     | Reached XP level 19. HP: 106/150 MP: 25/25
 35051 | D:15     | Found a staircase to the Depths.
 35409 | D:15     | Got a steaming scale mail
 35420 | D:15     | Identified the +6 scale mail "Xucaeng" {+Fly Int+2} (You found it on level 15 of the Dungeon)
 35906 | Vaults:1 | Entered Level 1 of the Vaults
 37573 | Vaults:1 | Reached skill level 10 in Dodging
 38297 | Vaults:2 | Reached skill level 11 in Axes
 38633 | Vaults:2 | Reached XP level 20. HP: 138/159 MP: 26/26
 39016 | Vaults:2 | Found a staircase to the Crypt.
 39016 | Vaults:2 | Found a basalt altar of Yredelemnul.
 39017 | Vaults:2 | Found an ancient bone altar of Kikubaaqudgha.
 39144 | Vaults:2 | Found Itaobos's Antique Weapon Emporium.
 39479 | Vaults:2 | Found Saen Mef's Antique Weapon Boutique.
 39664 | Vaults:2 | Found Jutyrel's Assorted Antiques.
 39720 | Vaults:2 | Found Cofarat's Armour Boutique.
 39734 | Vaults:2 | Bought a +1 cloak of magic resistance for 313 gold pieces
 40359 | Vaults:2 | Found Yvam's General Store.
 40447 | Crypt:1  | Entered Level 1 of the Crypt
 41554 | Crypt:2  | Lost mutation: Your magical capacity is low. (-10% MP) [potion of mutation]
 41554 | Crypt:2  | Lost mutation: Armour fits poorly on your strangely shaped body. [potion of mutation]
 41554 | Crypt:2  | Gained mutation: You are partially covered in thin metallic scales. (AC +2) [potion of mutation]
 41554 | Crypt:2  | Gained mutation: You are somewhat resistant to further mutation. [potion of mutation]
 41673 | Crypt:2  | Reached XP level 21. HP: 167/167 MP: 30/30
 41711 | Crypt:2  | Reached skill level 15 in Fighting
 41990 | Crypt:2  | Noticed Saint Roka
 42053 | Crypt:2  | Reached skill level 10 in Evocations
 42077 | Crypt:2  | Noticed Frederick
 42166 | Crypt:2  | Killed Frederick
 42963 | Crypt:2  | Reached skill level 12 in Axes
 43003 | Crypt:2  | Killed Saint Roka
 43113 | Crypt:3  | Entered Level 3 of the Crypt
 43214 | Crypt:3  | Got a steaming lapis lazuli ring
 43223 | Crypt:3  | Identified the ring "Tywoda" {rN+ Str+4} (You found it on level 3 of the Crypt)
 43862 | Crypt:3  | Noticed Khufu
 43889 | Crypt:3  | Noticed a greater mummy
 43890 | Crypt:3  | Noticed a greater mummy
 43917 | Crypt:3  | Killed Khufu
 44529 | Crypt:3  | Found a staircase to the Tomb.
 45036 | Crypt:3  | Found an ancient bone altar of Kikubaaqudgha.
 45194 | Crypt:3  | Reached XP level 22. HP: 159/173 MP: 31/31
 45256 | Crypt:3  | Noticed an ancient lich
 45258 | Crypt:3  | Noticed an ancient lich
 45281 | Crypt:3  | Killed an ancient lich
 45296 | Crypt:3  | Killed an ancient lich
 45404 | Crypt:3  | Got a brightly glowing morningstar
 45405 | Crypt:3  | Identified the +8 morningstar of Responsibility {vamp, rC+ rN+ Int-2} (You found it on level 3 of the Crypt)
 45417 | Crypt:3  | Identified Kikubaaqudgha's Guide on Necromancy
 45458 | Crypt:3  | Got a twisted scimitar
 45459 | Crypt:3  | Identified the +8 scimitar of Eternal Vigilance {flame, rElec rPois} (You found it on level 3 of the Crypt)
 46343 | Lair:1   | Learned a level 1 spell: Beastly Appendage
 46857 | Vaults:3 | Reached skill level 1 in Spellcasting
 46857 | Vaults:3 | Reached skill level 1 in Transmutations
 46910 | Vaults:3 | Noticed Jory
 46948 | Vaults:3 | Killed Jory
 48244 | Vaults:3 | Noticed an ancient lich
 48263 | Vaults:3 | Killed an ancient lich
 48530 | Vaults:3 | Got an ancient morningstar
 48531 | Vaults:3 | Identified the +5 morningstar "Akhu" {crush, rC+ MP+9 Str+2} (You found it on level 3 of the Vaults)
 48895 | Vaults:3 | Reached XP level 23. HP: 181/181 MP: 32/32
 48972 | Vaults:3 | Reached skill level 13 in Axes
 50165 | Vaults:4 | Found Hibboar's Gadget Shoppe.
 51636 | Elf:2    | Found a runed gate.
 51636 | Elf:2    | Found a runed gate.
 51636 | Elf:2    | Found a runed gate.
 52175 | Elf:2    | Reached skill level 5 in Transmutations
 52375 | Elf:2    | Reached skill level 5 in Spellcasting
 52586 | Elf:3    | Entered Level 3 of the Elven Halls
 52781 | Elf:3    | Reached skill level 1 in Stealth
 52781 | Elf:3    | Reached XP level 24. HP: 189/190 MP: 32/32
 52921 | Elf:3    | Reached skill level 14 in Axes
 53309 | Elf:3    | Found Lainkil's Armour Emporium.
 53309 | Elf:3    | Found Beakh's Food Shoppe.
 53397 | Elf:3    | Noticed Asterion
 53423 | Elf:3    | Killed Asterion
 53450 | Elf:3    | Got a slimy hunting sling
 53649 | Elf:3    | Reached skill level 15 in Axes
 53815 | Elf:3    | Got a dazzling scimitar {slice}
 53837 | Elf:3    | Got a scorched graven amulet
 54395 | Elf:3    | Got a flickering steel amulet
 54396 | Elf:3    | Identified the amulet "Saxebism" {Reflect Dex+8 SH+6} (You found it on level 3 of the Elven Halls)
 54397 | Elf:3    | Identified the amulet "Ushriad" {rElec MR- Regen+ Str+3} (You took it off a deep elf sorcerer on level 3 of the Elven Halls)
 54429 | Elf:3    | Identified the Incunabulum of Mutagenic Translocation
 54430 | Elf:3    | Identified the +2 scimitar of the Red Skies {slice, +Rage} (You took it off a deep elf demonologist on level 3 of the Elven Halls)
 54441 | Elf:3    | Identified Viygh's Handbook of Icy Moulding
 54461 | Elf:3    | Got a fine hand crossbow
 54500 | Elf:3    | Got a flickering pewter amulet
 54501 | Elf:3    | Identified the amulet of Broken Luck {+Rage SInv} (You found it on level 3 of the Elven Halls)
 54523 | Elf:3    | Got an ichor-stained whip
 54524 | Elf:3    | Identified the +5 whip of Dung {venom, +Blink MR+++ Dex-2 Stlth+} (You found it on level 3 of the Elven Halls)
 54525 | Elf:3    | Identified the +3 hand crossbow "Apnew" {venom, rN+} (You found it on level 3 of the Elven Halls)
 54765 | Lair:1   | Identified a +9 executioner's axe of holy wrath (a +9 executioner's axe of pain blessed by the Shining One)
 54765 | Lair:1   | Received a gift from the Shining One
 54871 | Shoals:1 | Entered Level 1 of the Shoals
 54969 | Shoals:1 | Reached skill level 16 in Axes
 55921 | Shoals:2 | Found Cyjoh's Assorted Antiques.
 56339 | Shoals:3 | Noticed Kirke
 56353 | Shoals:3 | Killed Kirke
 56894 | Shoals:4 | Entered Level 4 of the Shoals
 56967 | Shoals:4 | Reached skill level 17 in Axes
 57006 | Shoals:4 | Got a barnacled rune of Zot
 57306 | Shoals:4 | Reached XP level 25. HP: 196/196 MP: 32/32
 57328 | Shoals:4 | Noticed Ilsuiw
 57359 | Shoals:4 | Killed Ilsuiw
 58240 | Depths:1 | Entered Level 1 of the Depths
 58320 | Depths:1 | Reached skill level 18 in Axes
 58762 | Depths:1 | Found a gateway to Hell.
 58894 | Depths:1 | Found a gateway to a ziggurat.
 59079 | Depths:1 | Found Kupiem's Pet Rocks.
 59504 | Depths:2 | Reached skill level 19 in Axes
 59736 | Depths:2 | Noticed a caustic shrike
 59737 | Depths:2 | Noticed a caustic shrike
 59895 | Depths:2 | Noticed a caustic shrike
 59921 | Depths:1 | Killed a caustic shrike
 59931 | Depths:1 | Killed a caustic shrike
 60131 | Depths:1 | Killed a caustic shrike
 60469 | Depths:2 | Reached skill level 20 in Axes
 60589 | Depths:2 | Got a translucent demon trident {flame}
 60590 | Depths:2 | Identified the +10 demon trident of the Philosopher {flame, rElec MR+} (You took it off a spriggan berserker on level 2 of the Depths)
 60667 | Depths:2 | Reached XP level 26. HP: 206/206 MP: 32/32
 60720 | Depths:2 | Got a warped marble ring
 61078 | Depths:2 | Reached skill level 21 in Axes
 61416 | Depths:2 | Found a one-way gate leading to the halls of Pandemonium.
 61462 | Depths:2 | Found a one-way gate to the infinite horrors of the Abyss.
 61778 | Depths:3 | Found the +2 mace of Variability {chaos}
 61798 | Depths:3 | Identified a +0 pair of boots of running (You found it on level 3 of the Depths)
 62700 | Depths:3 | Found the +6 Majin-Bo {vamp, Archmagi MP+6 Int+6}
 63271 | Depths:2 | Reached skill level 22 in Axes
 64386 | Depths:5 | Entered Level 5 of the Depths
 64525 | Depths:5 | Found a corrupted altar of Lugonu.
 64931 | Depths:5 | Reached XP level 27. HP: 196/213 MP: 32/32
 65212 | Lair:1   | Identified the ring of Wariness {rC- Int+9 Slay+4 Stlth+} (You took it off a fire giant on level 2 of the Depths)
 65286 | Orc:2    | Bought a scroll of enchant armour for 112 gold pieces
 65452 | D:14     | Killed Roxanne
 65482 | D:14     | Learned a level 6 spell: Statue Form
 65636 | Depths:4 | Voluntarily entered the Abyss.
 65733 | Abyss:1  | Reached skill level 23 in Axes
 66679 | Abyss:1  | Found a corrupted altar of Lugonu.
 67168 | Abyss:1  | Reached skill level 24 in Axes
 67444 | Abyss:1  | Found a stormy altar of Qazlal.
 68735 | Abyss:3  | Found a corrupted altar of Lugonu.
 68802 | Abyss:3  | Reached skill level 25 in Axes
 68867 | Abyss:3  | Found a corrupted altar of Lugonu.
 69163 | Abyss:3  | Got an abyssal rune of Zot
 69437 | Abyss:3  | Found a corrupted altar of Lugonu.
 69894 | Abyss:3  | Reached skill level 1 in Earth Magic
 70205 | Abyss:3  | Reached skill level 10 in Transmutations
 70216 | Abyss:3  | Got a pitted quarterstaff
 70217 | Abyss:3  | Identified the Collected Works on Gliding Changing
 70263 | Abyss:3  | Got an ancient tin amulet
 70264 | Abyss:3  | Identified the amulet "Lakeimn" {Faith rF+ Str+4} (You found it on level 3 of the Abyss)
 70265 | Abyss:3  | Identified the cursed +1 quarterstaff of Dithmenos {venom, +Blink rPois Stlth+} (You found it on level 3 of the Abyss)
 70320 | Abyss:3  | Gained mutation: Potions are less effective at restoring your health. [a neqoxec]
 70406 | Abyss:3  | Reached skill level 5 in Earth Magic
 70545 | Abyss:3  | Reached skill level 10 in Spellcasting
 70559 | Abyss:3  | Gained mutation: Scrolls take you a little longer to read. [a neqoxec]
 70987 | Abyss:3  | Got a distressingly furry buckler
 71033 | Abyss:3  | Identified the cursed -8 buckler of the Raven {Regen+ Str+2} (You found it on level 3 of the Abyss)
 71294 | Depths:4 | Escaped the Abyss
 71523 | Lair:1   | Got a clouded ivory ring
 71527 | Lair:1   | Identified the ring of Generosity {+Inv +Fly MR+ Str-5} (You acquired it on level 1 of the Lair of Beasts)
 71542 | Lair:1   | Got a warped turquoise ring
 71544 | Lair:1   | Identified the ring of the Bouncing Dances {+Fly MR+ Int-2 SInv} (You acquired it on level 1 of the Lair of Beasts)
 71554 | Lair:1   | Got a faintly glowing garnet amulet
 71557 | Lair:1   | Identified the amulet "Coekkom" {Harm *Drain rPois SInv Stlth+} (You acquired it on level 1 of the Lair of Beasts)
 71866 | Vaults:2 | Bought 3 scrolls of acquirement for 5772 gold pieces
 72062 | Lair:1   | Got a glittering bronze amulet
 72065 | Lair:1   | Identified the amulet of Hiachah {rElec MR- Regen+ Int+4 Dex+4} (You acquired it on level 1 of the Lair of Beasts)
 72067 | Lair:1   | Got a crude golden amulet
 72070 | Lair:1   | Identified the amulet "Moapyic" {Harm *Drain rF+ Str+2} (You acquired it on level 1 of the Lair of Beasts)
 72072 | Lair:1   | Got a warped glass ring
 72074 | Lair:1   | Identified the ring "Iguesump" {rCorr Slay+2} (You acquired it on level 1 of the Lair of Beasts)
 72129 | Lair:1   | Learned a level 3 spell: Regeneration
 72316 | Hell     | Entered the Vestibule of Hell
 72316 | Hell     | Noticed Geryon
 72416 | Depths:2 | Voluntarily entered the Abyss.
 72418 | Abyss:1  | Noticed an ancient lich
 72432 | Abyss:1  | Killed an ancient lich
 72432 | Abyss:1  | Reached skill level 1 in Necromancy
 72449 | Abyss:1  | Gained mutation: Your magical capacity is low. (-10% MP) [a neqoxec]
 72489 | Depths:2 | Escaped the Abyss
 72528 | Depths:2 | Got a sparkling ruby amulet
 72531 | Depths:2 | Identified the amulet of Buarhi {Spirit +Blink MP+9} (You acquired it on level 2 of the Depths)
 72566 | Hell     | Noticed an ancient lich
 72726 | Hell     | Killed an ancient lich
 72730 | Hell     | Reached skill level 10 in Earth Magic
 72755 | Hell     | Killed Geryon
 72807 | Hell     | Found a gateway to the Iron City of Dis.
 72869 | Hell     | Reached skill level 5 in Necromancy
 72945 | Hell     | Found a gateway to the freezing wastes of Cocytus.
 73003 | Coc:1    | Entered Level 1 of Cocytus
 73095 | Coc:2    | Noticed a shard shrike
 73107 | Coc:2    | Killed a shard shrike
 74072 | Coc:7    | Entered Level 7 of Cocytus
 74604 | Coc:7    | Got a slimy whip
 74614 | Coc:7    | Identified the cursed +2 whip of Gloom {flame, rElec rN+++ Int-3 Dex-3} (You found it on level 7 of Cocytus)
 74897 | Coc:7    | Noticed a shard shrike
 74898 | Coc:7    | Killed a shard shrike
 74951 | Coc:7    | Noticed the Serpent of Hell
 74965 | Coc:7    | Killed the Serpent of Hell
 75027 | Coc:7    | Noticed a shard shrike
 75040 | Coc:7    | Killed a shard shrike
 75228 | Coc:7    | HP: 8/210 [Ice Fiend/bolt of cold (4)]
 75311 | Coc:7    | Noticed a shard shrike
 75312 | Coc:7    | Noticed a shard shrike
 75319 | Coc:7    | Killed a shard shrike
 75326 | Coc:7    | Killed a shard shrike
 75394 | Coc:7    | Noticed a shard shrike
 75418 | Coc:7    | Killed a shard shrike
 76214 | Coc:5    | Noticed a shard shrike
 76217 | Coc:5    | Killed a shard shrike
 76265 | Coc:5    | Noticed a shard shrike
 76265 | Coc:5    | Noticed a shard shrike
 76268 | Coc:5    | Killed a shard shrike
 76285 | Coc:5    | Killed a shard shrike
 76333 | Coc:6    | Noticed a shard shrike
 76344 | Coc:6    | Killed a shard shrike
 76587 | Coc:7    | Noticed Antaeus
 76612 | Coc:7    | Killed Antaeus
 76655 | Coc:7    | Got an icy rune of Zot
 77103 | Coc:7    | Noticed a shard shrike
 77127 | Coc:7    | Killed a shard shrike
 77155 | Coc:7    | Noticed a shard shrike
 77171 | Coc:7    | Killed a shard shrike
 77280 | Hell     | Found a gateway to the decaying netherworld of Tartarus.
 77350 | Hell     | Found a gateway to the ashen valley of Gehenna.
 77702 | Vaults:5 | Entered Level 5 of the Vaults
 77723 | Vaults:5 | Reached skill level 15 in Transmutations
 77730 | Vaults:5 | Noticed Mennas
 77744 | Vaults:5 | Reached skill level 10 in Necromancy
 77752 | Vaults:4 | HP: 8/213 [Mennas/sacred scourge of holy wrath (7)]
 77799 | Vaults:4 | Killed Mennas
 78305 | Shoals:2 | Bought a potion of heal wounds for 170 gold pieces
 78305 | Shoals:2 | Bought a lightning rod (4/4) for 1360 gold pieces
 78665 | Vaults:4 | Slain by a large abomination

Skill      XL: |  1  2  3  4  5  6  7  8  9 10 11 12 13 14 15 16 17 18 19 20 21 22 23 24 25 26 27 |
---------------+----------------------------------------------------------------------------------+-----
Shields        | 4 5 7 8 9 10 11 12 13 14 15 16 17 19 20 22 | 22.4
Axes           | 3 4 5 6 8 9 10 11 12 13 17 20 22 25 | 25.3
Dodging        | 1 2 3 4 6 7 8 9 10 11 12 | 12.3
Armour         | 4 5 9 10 12 13 14 15 16 17 18 19 20 | 20.0
Fighting       | 4 5 7 8 9 10 11 12 13 14 15 16 | 16.7
Invocations    | 1 4 6 7 9 10 11 12 | 12.0
Evocations     | 1 3 5 6 7 8 9 10 11 12 14 | 14.5
Polearms       | 6 9 10 11 12 | 12.2
Spellcasting   | 3 5 14 | 14.6
Transmutations | 3 5 15 | 15.3
Stealth        | 1 2 |  2.0
Earth Magic    | 12 | 12.4
Necromancy     | 10 | 10.3

Action                   |  1- 3 |  4- 6 |  7- 9 | 10-12 | 13-15 | 16-18 | 19-21 | 22-24 | 25-27 || total
-------------------------+-------+-------+-------+-------+-------+-------+-------+-------+-------++-------
Melee: War axe           |    84 |   138 |    88 |       |       |       |       |       |       ||   310
       Trident           |       |       |   186 |   484 |  1128 |  1669 |  2097 |  2211 |   788 ||  8563
       Executioner's axe |       |       |       |       |       |       |       |       |  2970 ||  2970
Invok: Divine Shield     |       |       |       |       |     1 |       |     4 |     2 |     7 ||    14
       Summon Divine War |       |       |       |       |       |     1 |     1 |     3 |     9 ||    14
       Cleansing Flame   |       |       |       |       |       |       |     4 |       |    13 ||    17
       Brand Weapon With |       |       |       |       |       |       |       |     1 |       ||     1
 Abil: Dig               |       |       |       |       |       |       |     3 |     1 |    10 ||    14
       Evoke Flight      |       |       |       |       |       |       |       |       |     7 ||     7
       Stop Flying       |       |       |       |       |       |       |       |       |     4 ||     4
Evoke: Wand              |       |       |       |       |     4 |    11 |    16 |     9 |     2 ||    42
       Box of beasts     |       |       |       |       |       |       |     1 |       |       ||     1
       Phial of floods   |       |       |       |       |       |       |     1 |       |       ||     1
       Fan of gales      |       |       |       |       |       |       |       |       |     1 ||     1
       Sack of spiders   |       |       |       |       |       |       |       |       |     1 ||     1
  Use: Potion            |       |     1 |     2 |     2 |     2 |     8 |     7 |       |    17 ||    39
       Scroll            |       |       |     5 |     9 |    14 |     7 |       |    21 |    27 ||    83
  Eat: Chunk             |       |     5 |    16 |    15 |    33 |    11 |    23 |    21 |    43 ||   167
       Ration            |       |       |       |       |     3 |     7 |     4 |     6 |    10 ||    30
Armor: Scale mail        |    37 |    61 |    19 |       |       |       |       |       |       ||   117
       Plate armour      |       |       |    91 |   153 |   311 |   531 |   500 |   471 |   324 ||  2381
       Gold dragon scale |       |       |       |       |       |       |       |       |   843 ||   843
Dodge: Dodged            |    33 |    43 |    57 |   108 |   205 |   372 |   336 |   349 |   773 ||  2276
Block: Shield            |    38 |    68 |   104 |   242 |   557 |  1092 |  1268 |  1285 |   143 ||  4797
       Reflection        |       |       |       |    10 |    86 |    31 |    77 |   188 |    73 ||   465
       Large shield      |       |       |       |       |       |       |       |       |  3271 ||  3271
